[Event "Early-Titled-Tuesday-Blitz-April-23-2024"]
[Site "Chess.com"]
[Date "2024.04.23"]
[Round "7"]
[White "lucasmito"]
[Black "ninguno46"]
[Result "0-1"]
[WhiteElo "2771"]
[BlackElo "2542"]
[TimeControl "180+1"]
[EndTime "9:18:38 PDT"]
[Termination "ninguno46 won by resignation"]

1. e4 c5 2. Nf3 Nc6 3. Nc3 g6 4. d4 cxd4 5. Nxd4 Bg7 6. Be3 Nf6 7. Nxc6 bxc6 8. e5 Ng8 9. Bd4 Qa5 10. f4 Nh6 11. Qe2 O-O 12. O-O-O Rb8 13. a3 Nf5 14.
Bf2 d6 15. g4 Nh6 16. h3 Be6 17. Qa6 Qc7 18. exd6 exd6 19. Bd4 d5 20. Ne2 c5 21.
Bxg7 Kxg7 22. Bg2 d4 23. Rhf1 Rb6 24. Qa5 Rfb8 25. f5 Bc4 26. Rd2 Rxb2 0-1

[Event "Early-Titled-Tuesday-Blitz-April-23-2024"]
[Site "Chess.com"]
[Date "2024.04.23"]
[Round "7"]
[White "Flaccidmoves"]
[Black "Smoking_Crow"]
[Result "1-0"]
[WhiteElo "2456"]
[BlackElo "2624"]
[TimeControl "180+1"]
[EndTime "9:18:40 PDT"]
[Termination "Flaccidmoves won by resignation"]

1. Nf3 d5 2. e3 Nf6 3. c4 e6 4.
b3 c6 5. Bb2 Bd6 6. Nc3 O-O 7. d4 Nbd7 8. Bd3 Qe7 9. O-O Ne4 10. Nxe4 dxe4 11. Bxe4 h6 12. Bc2 Bc7 13. e4 e5 14. d5 c5 15. Ne1 Bd6 16. Nd3 Re8 17.
Qd2 Nf8 18. f4 f6 19. fxe5 fxe5 20. Rf2 Ng6 21. Raf1 Bd7 22. Qc3 a6 23. Bd1 Qg5 24. Bc1 Qh4 25. g3 Qh3 26. Bf3 Rf8 27. Bg2 Qg4 28. Rxf8+ Rxf8 29. Rxf8+ Kxf8 30. Qe1 Kg8 31. Be3 b6 32. b4 h5 33. Nf2 h4 34. Nxg4 Bxg4 35. gxh4 Be7 36. Bf2 Nf4 37. Bf1 Bh5 38.
bxc5 bxc5 39. Qa5 Ng6 40. Bxc5 Bxh4 41. Bf2 Bg5 42. d6 Nf4 43. d7 Bg4 44. d8=Q+ 1-0

[Event "Early-Titled-Tuesday-Blitz-April-23-2024"]
[Site "Chess.com"]
[Date "2024.04.23"]
[Round "7"]
[White "temiksmozg"]
[Black "viktorgen2021"]
[Result "1-0"]
[WhiteElo "2672"]
[BlackElo "2471"]
[TimeControl "180+1"]
[EndTime "9:18:43 PDT"]
[Termination "temiksmozg won by resignation"]

1. e4 g6 2. d4 Bg7 3. Nc3 d6 4. g3 c6 5. Bg2 Nf6 6. a4 a5 7.
Nge2 O-O 8. O-O Qc7 9. h3 e5 10. Be3 Re8 11. Qd2 Na6 12. f4 exd4 13. Bxd4 Nb4 14.
Rae1 Bd7 15. e5 Nfd5 16. Nxd5 Nxd5 17. exd6 Qxd6 18. Bxg7 Kxg7 19. Bxd5 cxd5 20. Kh2 Rad8 21. Qxa5 Re3 22. Nd4 Rde8 23. Qd2 R3e4 24. b3 Qf6 25. Nf3 Qf5 26. g4 Qxf4+ 27. Qxf4 Rxf4 28. Rxe8 Bxe8 29. Kg3 g5 30. Rd1 Bc6 31. Nxg5 Rf6 32. Nf3 Re6 33. Rd3 Re2 34. Nd4 Re1 35. Nxc6 bxc6 36. Rc3 Re6 37. a5 Kf6 38. a6 Ke5 39. a7 Re8 40. Rxc6 Kd4 41.
b4 Ra8 42. Rc7 f5 43. gxf5 Ke5 44. b5 Kxf5 45. b6 Rg8+ 46. Kf3 Rg1 47. b7 1-0

[Event "Early-Titled-Tuesday-Blitz-April-23-2024"]
[Site "Chess.com"]
[Date "2024.04.23"]
[Round "7"]
[White "kidagent"]
[Black "Hope_6"]
[Result "1-0"]
[WhiteElo "2356"]
[BlackElo "2635"]
[TimeControl "180+1"]
[EndTime "9:18:43 PDT"]
[Termination "kidagent won by resignation"]

1. e4 c6 2. d4 d5 3. Nc3 dxe4 4. Nxe4 Nf6 5. Ng3 Qc7 6. Nf3 g6 7. Bc4 Bg7 8. O-O O-O 9. Re1 Rd8 10. c3 c5 11. Qb3 e6 12. dxc5 Nc6 13. Qc2 b6 14.
cxb6 axb6 15. Be3 Bb7 16. Red1 Na5 17. Be2 Nd5 18. Bg5 f6 19. Bc1 Nf4 20. Rxd8+ Rxd8 21. Bxf4 Qxf4 22. Nd4 Re8 23. Re1 Nc6 24. Nb5 f5 25.
Bf3 e5 26. Bd5+ Kh8 27. Nd6 Rd8 28. Nf7+ Kg8 29. Nxd8+ Kh8 30. Nxc6 e4 31. Nxe4 fxe4 32. Qxe4 Qd6 1-0

[Event "Early-Titled-Tuesday-Blitz-April-23-2024"]
[Site "Chess.com"]
[Date "2024.04.23"]
[Round "7"]
[White "TenisMaster"]
[Black "bubeliang"]
[Result "1-0"]
[WhiteElo "2975"]
[BlackElo "2783"]
[TimeControl "180+1"]
[EndTime "9:18:45 PDT"]
[Termination "TenisMaster won by checkmate"]

1. e4 c6 2. d4 d5 3. e5 c5 4. dxc5 e6 5. Qg4 h5 6. Qf4 Bxc5 7. Bd3 Nc6 8. Nf3 Nh6 9. O-O Qb6 10. h3 Bd7 11. Nc3 O-O-O 12. Na4 Qa5 13. Nxc5 Qxc5 14. a3 Qb6 15. b4 Nf5 16. Re1 Rdg8 17. Ng5 Rf8 18.
Bb2 Qc7 19. Qd2 Rhg8 20. c4 f6 21. cxd5 fxg5 22. dxc6 Bxc6 23. b5 Bxg2 24. Rac1 Nh4 25. Rxc7+ Kxc7 26. Be2 Bd5 27. Bd4 Rf3 28. Qa5+ Kd7 29.
Rc1 Rxh3 30. Qc7+ Ke8 31. Bxh5+ g6 32. Qc8+ Kf7 33. Rc7# 1-0

[Event "Early-Titled-Tuesday-Blitz-April-23-2024"]
[Site "Chess.com"]
[Date "2024.04.23"]
[Round "7"]
[White "Kiborg95"]
[Black "Ginger_GM"]
[Result "1-0"]
[WhiteElo "2839"]
[BlackElo "2662"]
[TimeControl "180+1"]
[EndTime "9:18:45 PDT"]
[Termination "Kiborg95 won by resignation"]

1. e4 c5 2. Nc3 Nc6 3. Nge2 g6 4.
d4 cxd4 5. Nxd4 Bg7 6. Be3 Nf6 7. Bc4 O-O 8. Bb3 d6 9. f3 Bd7 10. h4 h5 11. Qd2 Ne5 12. O-O-O b5 13. Ndxb5 Qb8 14. Qe2 Rc8 15. Nd4 a5 16. a4 Be8 17.
Ndb5 Qb7 18. Bg5 Ra6 19. Kb1 Bxb5 20. Nxb5 Rac6 21. Bxf6 Bxf6 22. Bd5 Qb6 23. Bxc6 Qxc6 24. Na7 Qc7 25. Nxc8 Qxc8 26. Rd5 Nc4 27. c3 Qc6 28. Rb5 Nb6 29. Rxb6 Qxb6 30. Qc2 Kg7 31. Ka2 Qc5 32. Rd1 Bxh4 33. Rd5 Qc7 34. Qb3 Bf2 35. Qb5 Bb6 36. e5 dxe5 37. Rxe5 e6 38. Re4 Bc5 39. Rc4 1-0

[Event "Early-Titled-Tuesday-Blitz-April-23-2024"]
[Site "Chess.com"]
[Date "2024.04.23"]
[Round "7"]
[White "MatyChess1"]
[Black "Larkin-Vladislav"]
[Result "1-0"]
[WhiteElo "2695"]
[BlackElo "2866"]
[TimeControl "180+1"]
[EndTime "9:18:46 PDT"]
[Termination "MatyChess1 won on time"]

1. Nf3 d6 2. d4 Bg4 3. c4 Nf6 4. g3 Bxf3 5. exf3 c6 6. Nc3 g6 7. Bg2 d5 8. Qb3 Qd7 9. Bg5 dxc4 10. Qxc4 Nd5 11. O-O h6 12. Bd2 Bg7 13. Rfe1 O-O 14. Rad1 Na6 15. Ne4 Nb6 16. Qb3 Qxd4 17. Bxh6 Qxb2 18.
Qxb2 Bxb2 19. Bxf8 Kxf8 20. Bf1 Nc7 21. Nc5 Rb8 22. Rd7 Ncd5 23. Rxb7 Rd8 24. Rxa7 e6 25. Rb7 Re8 26. Rb1 Bd4 27. Nb3 Be5 28. Na5 1-0

[Event "Early-Titled-Tuesday-Blitz-April-23-2024"]
[Site "Chess.com"]
[Date "2024.04.23"]
[Round "7"]
[White "djano"]
[Black "jbking07"]
[Result "1-0"]
[WhiteElo "2619"]
[BlackElo "2472"]
[TimeControl "180+1"]
[EndTime "9:18:47 PDT"]
[Termination "djano won on time"]

1. Nf3 d5 2. g3 g6 3. Bg2 Bg7 4. c4 dxc4 5. Na3 c6 6. Nxc4 Nf6 7. O-O O-O 8. d3 Nbd7 9. Bf4 Re8 10. Qb3 Nd5 11. Bg5 N7b6 12. a4 a5 13. d4 Be6 14.
Nxb6 Qxb6 15. Qc2 Nb4 16. Qd2 Bd5 17. Rfd1 Rad8 18. e3 h6 19. Bf4 g5 20. e4 Bxe4 21. Be3 Nc2 22. Rac1 Nxe3 23. Qxe3 Bd5 24. h4 g4 25. Ne5 h5 26. Bf1 Rd6 27. Qg5 Rf6 28.
Qxh5 Qxb2 29. Nxg4 Rg6 30. Bd3 Rd6 31. Ne5 Bxe5 32.
dxe5 Rg6 33. Bxg6 fxg6 34. Qxg6+ Kf8 35. Qf5+ Kg8 36. Rb1 Qe2 37. Qg6+ Kf8 38. Rd4 1-0

[Event "Early-Titled-Tuesday-Blitz-April-23-2024"]
[Site "Chess.com"]
[Date "2024.04.23"]
[Round "7"]
[White "Meri-Arabidze"]
[Black "MyDream003"]
[Result "0-1"]
[WhiteElo "2661"]
[BlackElo "2823"]
[TimeControl "180+1"]
[EndTime "9:18:49 PDT"]
[Termination "MyDream003 won by resignation"]

1. Nf3 Nf6 2. c4 b6 3. g3 Bb7 4. Bg2 g6 5. O-O Bg7 6. d4 O-O 7.
Re1 c5 8. Nc3 cxd4 9. Nxd4 Bxg2 10. Kxg2 Qc8 11. Qd3 Na6 12. b3 d5 13. cxd5 Nb4 14. Qf3 Nd7 15. Nc6 Nxc6 16. dxc6 Ne5 17. Qe4 Qxc6 18. Bb2 Qxe4+ 19. Nxe4 Rfc8 20. Bxe5 Bxe5 21. Rac1 Kf8 22. f4 Bb2 23. Rxc8+ Rxc8 24. Rd1 Ke8 25. Kf3 h6 26. Rd2 Ba3 27. g4 a5 28. f5 g5 29. h3 Bb4 30. Rd5 Rc2 31. Rb5 Rxa2 32. Rxb6 Rb2 33. e3 Rxb3 34. Nc5 Rxe3+ 0-1

[Event "Early-Titled-Tuesday-Blitz-April-23-2024"]
[Site "Chess.com"]
[Date "2024.04.23"]
[Round "7"]
[White "LLariMarc"]
[Black "sathvikadiga"]
[Result "0-1"]
[WhiteElo "2482"]
[BlackElo "2626"]
[TimeControl "180+1"]
[EndTime "9:18:52 PDT"]
[Termination "sathvikadiga won by resignation"]

1. Nf3 Nf6 2. c4 g6 3. g3 Bg7 4. Bg2 d6 5. O-O O-O 6. Nc3 Nc6 7. d3 e5 8. Bg5 h6 9. Bxf6 Bxf6 10. Nd2 Bg7 11.
Rb1 a5 12. a3 f5 13. Nd5 Be6 14. b4 axb4 15. axb4 Ra7 16. b5 Ne7 17. b6 cxb6 18.
Nxe7+ Qxe7 19. Rxb6 Rfa8 20. Qb3 Bc8 21. Rb1 Rb8 22.
Bd5+ Kh7 23. Kg2 h5 24. h4 Bh6 25. e3 f4 26. exf4 exf4 27. Ne4 fxg3 28. fxg3 Bg4 29. Rxd6 Rf8 30. Qb2 Bf3+ 31. Kh2 Bxe4 32. Qd4 Bxd5 33. Qxd5 Qe2+ 34. Kh1 Rf1+ 35. Rxf1 Qxf1+ 36. Kh2 Ra2+ 0-1

[Event "Early-Titled-Tuesday-Blitz-April-23-2024"]
[Site "Chess.com"]
[Date "2024.04.23"]
[Round "7"]
[White "mertfelin"]
[Black "lluiss"]
[Result "1-0"]
[WhiteElo "2267"]
[BlackElo "2131"]
[TimeControl "180+1"]
[EndTime "9:18:54 PDT"]
[Termination "mertfelin won by resignation"]

1. e4 c5 2. Nf3 d6 3. d4 cxd4 4.
Nxd4 Nf6 5. Nc3 g6 6. Be3 Bg7 7. f3 O-O 8. Qd2 Nc6 9. O-O-O Nxd4 10. Bxd4 Be6 11. h4 Qa5 12. Kb1 Rfc8 13. Bxf6 Bxf6 14. Nd5 Qxd2 15. Nxf6+ Kg7 16. Rxd2 Kxf6 17. h5 g5 18. Bd3 h6 19. b3 a5 20. a4 Rc5 21. Kb2 Rac8 22. g3 Bd7 23. Be2 b5 24. axb5 Bxb5 25. Rg1 Rb8 26. Bxb5 Rbxb5 27. Rd4 Ke5 28. Rgd1 Rb4 29. Rd5+ Kf6 30. Rxc5 dxc5 31. Rd5 a4 32. Rxc5 axb3 33. cxb3 g4 34. Kc3 Rb6 35. f4 1-0

[Event "Early-Titled-Tuesday-Blitz-April-23-2024"]
[Site "Chess.com"]
[Date "2024.04.23"]
[Round "7"]
[White "Chesstiger64"]
[Black "A4RookA3"]
[Result "1-0"]
[WhiteElo "2362"]
[BlackElo "2368"]
[TimeControl "180+1"]
[EndTime "9:18:57 PDT"]
[Termination "Chesstiger64 won by checkmate"]

1. Nf3 g6 2. g3 Bg7 3. Bg2 d5 4. O-O e5 5. d3 Nc6 6. Nc3 d4 7. Ne4 h6 8. e3 f5 9. Nc5 dxe3 10. Bxe3 Nge7 11. c3 O-O 12. Nxb7 Bxb7 13. Qb3+ Nd5 14. Qxb7 Nxe3 15. fxe3 Qd7 16. Nh4 Na5 17. Qa6 Rab8 18. Qxa5 Qxd3 19. Nxg6 Qxe3+ 20. Kh1 Rf6 21. Rae1 Qd2 22.
Qd5+ Qxd5 23. Bxd5+ Kh7 24. Nxe5 Rxb2 25. Nd3 Rd2 26.
Nf4 Rd6 27. Be6 Bxc3 28. Bxf5+ Kh8 29. Re8+ Kg7 30. Nh5+ Kf7 31. Bd7+ Kg6 32. Rg8+ Kxh5 33. Bg4# 1-0

[Event "Early-Titled-Tuesday-Blitz-April-23-2024"]
[Site "Chess.com"]
[Date "2024.04.23"]
[Round "7"]
[White "Korchmar_Vasiliy"]
[Black "FGHSMN"]
[Result "0-1"]
[WhiteElo "2704"]
[BlackElo "2914"]
[TimeControl "180+1"]
[EndTime "9:18:58 PDT"]
[Termination "FGHSMN won on time"]

1. d4 Nf6 2. c4 e6 3. Nf3 Bb4+ 4.
Nbd2 O-O 5. a3 Be7 6. e4 d6 7. b3 e5 8. Bb2 Nfd7 9. Be2 exd4 10. Nxd4 Bf6 11. Qc2 Re8 12. O-O Nc5 13. b4 Ne6 14. N2b3 Nf4 15. Bf3 Nd7 16. Ne2 Bxb2 17. Qxb2 Ne5 18.
Nxf4 Nxf3+ 19. gxf3 Qg5+ 20. Kh1 Qxf4 21. Qc3 Re5 22. Rg1 Be6 23. Rg3 g6 24. Rag1 Rh5 25.
R1g2 Bh3 26. Rg1 Qh4 27. Nd2 Re8 28. Qd4 b6 29. a4 Ree5 30. b5 Rh6 31. Qe3 Reh5 32.
e5 Bf1 0-1

[Event "Early-Titled-Tuesday-Blitz-April-23-2024"]
[Site "Chess.com"]
[Date "2024.04.23"]
[Round "7"]
[White "KhazhatulyAlikhan"]
[Black "viktorskliarov"]
[Result "1-0"]
[WhiteElo "2481"]
[BlackElo "2599"]
[TimeControl "180+1"]
[EndTime "9:19:01 PDT"]
[Termination "KhazhatulyAlikhan won by resignation"]

1. e4 c5 2. Nf3 Nc6 3. d4 cxd4 4. Nxd4 Nf6 5. Nc3 e5 6. Ndb5 d6 7. Bg5 a6 8. Na3 b5 9. Nd5 Be7 10. Bxf6 Bxf6 11. c3 O-O 12. Nc2 Rb8 13. h4 g6 14.
Qd2 h5 15. Nxf6+ Qxf6 16. Ne3 Ne7 17. g3 a5 18. b3 b4 19. c4 Be6 20. Bg2 Rfd8 21.
O-O Nc6 22. f4 exf4 23. gxf4 Qxh4 24. f5 gxf5 25. Nxf5 Bxf5 26. Rxf5 Ne5 27. Qh6 Ng6 28. Raf1 Rd7 29. Rxh5 Qe7 30. Qh7+ Kf8 31. Qxg6 1-0

[Event "Early-Titled-Tuesday-Blitz-April-23-2024"]
[Site "Chess.com"]
[Date "2024.04.23"]
[Round "7"]
[White "FairChess_on_YouTube"]
[Black "snowlord"]
[Result "1-0"]
[WhiteElo "3097"]
[BlackElo "2913"]
[TimeControl "180+1"]
[EndTime "9:19:07 PDT"]
[Termination "FairChess_on_YouTube won on time"]

1. d4 Nf6 2. c4 e6 3. Nf3 Bb4+ 4. Bd2 Be7 5. Nc3 O-O 6. e4 d5 7. Bd3 dxe4 8. Nxe4 Nbd7 9. Bc3 c5 10. Nxc5 Nxc5 11.
dxc5 Bxc5 12. Qe2 a5 13. O-O-O Qe7 14. g4 Ra6 15. g5 Nh5 16. Rdg1 Nf4 17. Bxh7+ Kxh7 18.
Qe4+ Ng6 19. h4 Qc7 20. Ne5 Kg8 21. h5 Nxe5 22. h6 Nd3+ 23. Kb1 e5 24. hxg7 Rg6 25.
Qh4 f5 26. Qh7+ 1-0

[Event "Early-Titled-Tuesday-Blitz-April-23-2024"]
[Site "Chess.com"]
[Date "2024.04.23"]
[Round "7"]
[White "scarabee43"]
[Black "arenal72"]
[Result "1-0"]
[WhiteElo "2830"]
[BlackElo "2620"]
[TimeControl "180+1"]
[EndTime "9:19:08 PDT"]
[Termination "scarabee43 won by resignation"]

1. Nf3 d6 2. d4 Nf6 3. c4 g6 4.
Nc3 Bf5 5. g3 Bg7 6. Bg2 Ne4 7.
Qb3 Nxc3 8. bxc3 Be4 9. O-O O-O 10. Bh3 c5 11. Nd2 Bc6 12. d5 Bd7 13. Bg2 Qc7 14. e4 h5 15. Nf3 Bg4 16. Ng5 Qb6 17. Bd2 Qa6 18. Rae1 f6 19. Nh3 Nd7 20. Nf4 Ne5 21. Bc1 Kh7 22. f3 Bd7 23. Rf2 Qxc4 24. Qb2 Qb5 25. Qd2 Bh6 26. h4 Bxf4 27. Qxf4 g5 28. hxg5 Nd3 29. g6+ Kxg6 30. Qh6+ Kf7 31. Qxh5+ Kg7 32.
Bh6+ Kg8 33. Qg6+ 1-0

[Event "Early-Titled-Tuesday-Blitz-April-23-2024"]
[Site "Chess.com"]
[Date "2024.04.23"]
[Round "7"]
[White "HansOnTwitch"]
[Black "ViIIagra"]
[Result "1-0"]
[WhiteElo "3230"]
[BlackElo "2930"]
[TimeControl "180+1"]
[EndTime "9:19:09 PDT"]
[Termination "HansOnTwitch won by resignation"]

1. e4 d6 2. d4 Nf6 3. Nc3 e5 4. Nf3 Nbd7 5. Rg1 c6 6. g4 h6 7. h4 exd4 8. Nxd4 Ne5 9. Be2 d5 10. Bf4 Ng6 11. Bg3 Bb4 12. exd5 Nxd5 13. Qd2 Nxh4 14. a3 Bxc3 15. bxc3 O-O 16. c4 Nb6 17. O-O-O Ng6 18. c5 Nd5 19. Bc4 Re8 20. Bd6 Qg5 21. Qxg5 hxg5 22. Nf3 f6 23. Nd4 Be6 24. Nxe6 Rxe6 25.
Rxd5 cxd5 26. Bxd5 Re8 27. Re1 Kf7 28. Re3 Nh4 29.
Rb3 Kg6 30. Bxe6 Rxe6 31. Rxb7 Re4 32. c6 1-0

[Event "Early-Titled-Tuesday-Blitz-April-23-2024"]
[Site "Chess.com"]
[Date "2024.04.23"]
[Round "7"]
[White "PabloZarnicki"]
[Black "Louis-Paulsen-Fan"]
[Result "0-1"]
[WhiteElo "2570"]
[BlackElo "2355"]
[TimeControl "180+1"]
[EndTime "9:19:09 PDT"]
[Termination "Louis-Paulsen-Fan won by checkmate"]

1. e4 Nf6 2. e5 Nd5 3. Nc3 Nxc3 4. bxc3 d6 5. f4 g6 6. d4 Bg7 7. Nf3 O-O 8. h4 dxe5 9. fxe5 Bg4 10. h5 c5 11. hxg6 hxg6 12. Qd2 Nc6 13. Qg5 Bxf3 14. gxf3 e6 15. Qg4 cxd4 16. Bg5 Nxe5 17. Bxd8 Nxg4 18. Be7 Rfe8 19. Ba3 Ne3 20. Bd3 dxc3 21. Ke2 Nd5 22. Rh4 f5 23. Rah1 Rad8 24. Bb5 g5 25. Rh7 Nf4+ 26. Ke1 Rf8 27. Bxf8 Kxf8 28. Bc4 Rd2 29.
R7h2 Rd4 30. Bb3 a5 31. a4 Kf7 32. Rg1 Kf6 33. Rgh1 Rb4 34. Kd1 b5 35. axb5 Rxb5 36. Re1 Rb4 37. Re3 a4 38. Ba2 Rb2 39. Bc4 Rb1# 0-1

[Event "Early-Titled-Tuesday-Blitz-April-23-2024"]
[Site "Chess.com"]
[Date "2024.04.23"]
[Round "7"]
[White "Anu-triz"]
[Black "Viktoker"]
[Result "1-0"]
[WhiteElo "2209"]
[BlackElo "2351"]
[TimeControl "180+1"]
[EndTime "9:19:09 PDT"]
[Termination "Anu-triz won by resignation"]

1. e4 c5 2. Nf3 d6 3. d3 Nc6 4. g3 g6 5. Bg2 Bg7 6. Nbd2 e5 7.
O-O Nf6 8. c3 h6 9. Qc2 O-O 10. a4 Be6 11. Nc4 Re8 12. h3 b6 13.
Kh2 Qc7 14. Be3 Rad8 15. Rad1 d5 16. exd5 Nxd5 17. Rfe1 Nxe3 18. Nxe3 f5 19. Nh4 Kh7 20.
Qe2 Bb3 21. Rd2 Nd4 22. cxd4 exd4 23. Qf3 dxe3 24. Rxe3 Rxe3 25. fxe3 Re8 26. Rf2 Bxa4 27. Nxg6 Bd7 28. Nf4 Qe5 29. Qd5 Qxd5 30. Nxd5 Re5 31.
e4 h5 32. exf5 Bxf5 33. Rxf5 Re2 34. Rxh5+ Kg6 35. Nf4+ 1-0

[Event "Early-Titled-Tuesday-Blitz-April-23-2024"]
[Site "Chess.com"]
[Date "2024.04.23"]
[Round "7"]
[White "BashirovKemal"]
[Black "Juicy_Fork"]
[Result "1-0"]
[WhiteElo "2721"]
[BlackElo "2469"]
[TimeControl "180+1"]
[EndTime "9:19:10 PDT"]
[Termination "BashirovKemal won by resignation"]

1. d4 Nf6 2. Nf3 g6 3. Nbd2 d5 4. e3 Bg7 5. b4 O-O 6. Bb2 a5 7. b5 c6 8. c4 dxc4 9. Bxc4 cxb5 10.
Bxb5 Bd7 11. Bxd7 Nbxd7 12. O-O b5 13. Qe2 a4 14. Ba3 Qa5 15. Bxe7 Rfe8 16. Bd6 Nb6 17. Rac1 Rac8 18. Ne5 Nfd5 19. Nc6 Nc3 20. Qf3 Rxc6 21. Qxc6 Rc8 22. Qf3 Nxa2 23. Rcd1 h5 24. Ne4 Nd7 25.
Ng5 Bf6 26. Nxf7 Kxf7 27. Qd5+ Kg7 28. Qxa2 b4 29. Qe6 Rd8 30. Rc1 Qb6 31. Rc7 Qb5 32.
Be7 Qf5 33. Bxf6+ Qxf6 34. Rxd7+ 1-0

[Event "Early-Titled-Tuesday-Blitz-April-23-2024"]
[Site "Chess.com"]
[Date "2024.04.23"]
[Round "7"]
[White "Iball95"]
[Black "profedechess93"]
[Result "1-0"]
[WhiteElo "2857"]
[BlackElo "2673"]
[TimeControl "180+1"]
[EndTime "9:19:11 PDT"]
[Termination "Iball95 won by resignation"]

1. e4 e6 2. d4 d5 3. Nc3 Nf6 4. Bd3 c5 5. Nf3 c4 6. Be2 Bb4 7. exd5 exd5 8. Bd2 O-O 9. O-O Nc6 10. a3 Bxc3 11. Bxc3 Ne4 12. Bd2 Nxd2 13. Qxd2 Qf6 14. Rfe1 Bf5 15. Ne5 Nxe5 16. dxe5 Qg6 17. c3 Be4 18. f3 Bf5 19. Qxd5 Qb6+ 20. Kh1 Qxb2 21. Qxc4 Rfc8 22. Qb4 Qxc3 23. Qxb7 Qxe5 24. Ba6 Qf6 25. Qxc8+ Rxc8 26. Bxc8 g6 27. Bxf5 gxf5 28. a4 Kg7 29. a5 h5 30. a6 Qd4 31. h3 Kg6 32. Ra5 Qd2 33. Raa1 Kg5 34. Re7 Qb2 35. Rae1 Qb6 36. Rxf7 Qxa6 37. f4+ Kxf4 38. Rb1 Qa2 39. Rf1+ Kg3 40.
Rg7+ 1-0

[Event "Early-Titled-Tuesday-Blitz-April-23-2024"]
[Site "Chess.com"]
[Date "2024.04.23"]
[Round "7"]
[White "Matibar"]
[Black "Skatchkov_V"]
[Result "1-0"]
[WhiteElo "2849"]
[BlackElo "2670"]
[TimeControl "180+1"]
[EndTime "9:19:11 PDT"]
[Termination "Matibar won by resignation"]

1. e3 d5 2. b3 Bf5 3. Bb2 e6 4. Nf3 h6 5. c4 c6 6. Nc3 Nf6 7. Be2 Nbd7 8. h3 Bd6 9. g4 Bg6 10. Rg1 Qe7 11. h4 Nc5 12. d3 O-O-O 13. b4 Ncd7 14. c5 Bc7 15. d4 e5 16. Qa4 a6 17. Bxa6 Nb8 18. Be2 exd4 19. Nxd4 Ne4 20. Nxe4 Bxe4 21. g5 Rde8 22. O-O-O hxg5 23. hxg5 Rh2 24. Bg4+ Kd8 25. Qa8 Be5 26. Rd2 Bg6 27. Ne6+ Qxe6 28.
Bxe6 1-0

[Event "Early-Titled-Tuesday-Blitz-April-23-2024"]
[Site "Chess.com"]
[Date "2024.04.23"]
[Round "7"]
[White "ValentinDragnev"]
[Black "Mackster23"]
[Result "1-0"]
[WhiteElo "2747"]
[BlackElo "2583"]
[TimeControl "180+1"]
[EndTime "9:19:14 PDT"]
[Termination "ValentinDragnev won by resignation"]

1. d4 Nf6 2. Nf3 d5 3. Bf4 c5 4. e3 Nc6 5. Nbd2 e6 6. c3 cxd4 7. exd4 Nh5 8. Be3 Bd6 9. Bd3 Nf4 10. Bxf4 Bxf4 11. g3 Bd6 12. O-O O-O 13. Re1 Qf6 14. b4 a6 15. Qe2 Re8 16. Ne5 Bxe5 17. dxe5 Qe7 18. a4 d4 19. Qe4 g6 20. b5 dxc3 21. Nc4 Nb4 22. Nd6 Nxd3 23. Qxd3 Rd8 24. Qxc3 f6 25. Ne4 f5 26. Nf6+ Kg7 27. Rad1 axb5 28. axb5 Ra4 29. Rxd8 Qxd8 30. Rc1 Ra8 31. Qc7+ Qxc7 32. Rxc7+ Kf8 33. Nxh7+ Ke8 34. Nf6+ Kd8 35. Rh7 b6 36. h4 Ra5 37. Rh8+ Kc7 38. Ne8+ Kb8 39.
Nd6 Ra1+ 40. Kg2 Rc1 41. Rg8 g5 42. h5 1-0

[Event "Early-Titled-Tuesday-Blitz-April-23-2024"]
[Site "Chess.com"]
[Date "2024.04.23"]
[Round "7"]
[White "martinmena"]
[Black "Lily_Schirmbeck"]
[Result "0-1"]
[WhiteElo "2187"]
[BlackElo "1634"]
[TimeControl "180+1"]
[EndTime "9:19:14 PDT"]
[Termination "Lily_Schirmbeck won by checkmate"]

1. c4 e5 2. g3 c6 3. Bg2 d5 4. cxd5 cxd5 5. d4 e4 6. Nc3 Be6 7. Nh3 Bd6 8. Bf4 Nf6 9. Bxd6 Qxd6 10. Nf4 O-O 11. O-O Nc6 12. e3 Rac8 13. Na4 b6 14. h3 Nb4 15. a3 Nc6 16. b4 h6 17. Qe2 Rc7 18. Rfc1 Rfc8 19. Qd2 Qd7 20. Nc3 a6 21. Na4 Rb8 22. Qc2 Ne8 23. Qb3 Ne7 24. Bf1 Nd6 25. Nxe6 fxe6 26. Bxa6 Ra7 27. b5 Nc4 28. Rc3 e5 29.
Nb2 Nd2 30. Qc2 Nf3+ 31. Kg2 Ng5 32. dxe5 Qxh3+ 33. Kg1 Nf3# 0-1

[Event "Early-Titled-Tuesday-Blitz-April-23-2024"]
[Site "Chess.com"]
[Date "2024.04.23"]
[Round "7"]
[White "ImportedItalianMaple"]
[Black "bazar-wokzal"]
[Result "1-0"]
[WhiteElo "2465"]
[BlackElo "2585"]
[TimeControl "180+1"]
[EndTime "9:19:15 PDT"]
[Termination "ImportedItalianMaple won by resignation"]

1. e4 Nc6 2. Nf3 d5 3. exd5 Qxd5 4. Nc3 Qa5 5. Be2 Bg4 6. h3 Bh5 7. d3 O-O-O 8. Bd2 Nf6 9. O-O e5 10. a3 Bxf3 11. Bxf3 Nd4 12. b4 Qa6 13. Ne4 Nxe4 14. Bxe4 f5 15. Bf3 e4 16. dxe4 Nxf3+ 17. Qxf3 Rxd2 18.
Qxf5+ Kb8 19. Rad1 Rxd1 20. Rxd1 Bd6 21. e5 Qe2 22. Rd5 Be7 23. Qd7 Bh4 24. g3 c6 25.
Qd6+ Ka8 26. Rd4 a5 27. Rxh4 Qxc2 28. bxa5 Re8 29. a6 bxa6 30. Rf4 Qb1+ 31. Kh2 Qb7 32.
e6 a5 33. Rf7 Qb6 34. Rf8 Kb7 35. Qd7+ Ka6 36. Qxe8 1-0

[Event "Early-Titled-Tuesday-Blitz-April-23-2024"]
[Site "Chess.com"]
[Date "2024.04.23"]
[Round "7"]
[White "Pasmendjambvirgulptipon98"]
[Black "toninhojit"]
[Result "0-1"]
[WhiteElo "2358"]
[BlackElo "2556"]
[TimeControl "180+1"]
[EndTime "9:19:16 PDT"]
[Termination "toninhojit won by resignation"]

1. Nf3 c5 2. g3 Nc6 3. Bg2 e5 4. O-O g6 5. d3 Bg7 6. e4 Nge7 7. a3 O-O 8. b4 d6 9. bxc5 dxc5 10. Be3 b6 11. Nbd2 f5 12. exf5 gxf5 13. Nc4 e4 14. Ng5 h6 15. Nh3 Be6 16. Nd2 Bxa1 17. Qxa1 Nd4 18.
Bxh6 Rf6 19. Bg5 Rg6 20. dxe4 Rc8 21. Nf4 Rxg5 22. Nxe6 Nxe6 23. Qf6 Rg6 24. Qc3 Qd4 25. Qb3 Qxd2 26. exf5 Nxf5 27. Be4 Nd4 28. Qc4 Rf6 29. c3 Ne2+ 30. Kg2 Nxc3 31. Bf3 Rcf8 32. h4 Kg7 33.
Qg4+ Kh7 34. Be4+ Nxe4 35. Qxe4+ Kh8 36. Qe5 Qd4 37. Qh5+ Kg7 38. f4 Rd8 39. Qg4+ Kf8 40. f5 Qxg4 0-1

[Event "Early-Titled-Tuesday-Blitz-April-23-2024"]
[Site "Chess.com"]
[Date "2024.04.23"]
[Round "7"]
[White "rdarruda"]
[Black "RasSanti"]
[Result "1-0"]
[WhiteElo "2525"]
[BlackElo "2314"]
[TimeControl "180+1"]
[EndTime "9:19:16 PDT"]
[Termination "rdarruda won on time"]

1. d4 Nf6 2. Nf3 d5 3. c4 e6 4. e3 Bb4+ 5. Nbd2 O-O 6. Bd3 dxc4 7. Bxc4 c5 8. a3 Bxd2+ 9. Bxd2 cxd4 10. Nxd4 a6 11.
O-O b5 12. Bb3 Bb7 13. Bb4 Re8 14. Qe2 Nc6 15. Nxc6 Bxc6 16. Rfd1 Qc7 17. f3 Rad8 18. e4 Rxd1+ 19. Rxd1 Rd8 20. Rc1 Qb7 21. Qe3 h6 22. Bc3 Ne8 23. Qc5 Bd7 24. Rd1 Rc8 25. Qd4 Bc6 26. Ba5 Qe7 27. Bd8 Qb7 28. h3 Qb8 29. Ba5 Qf4 30. Bc3 Nf6 31. Bd2 Qc7 32. Bxh6 Ne8 33.
Be3 a5 34. Qb6 Qxb6 35. Bxb6 a4 36. Ba2 Nf6 37. Rc1 Kf8 38. b3 Ke8 39. bxa4 bxa4 40. Bd4 Kd7 41. Rd1 1-0

[Event "Early-Titled-Tuesday-Blitz-April-23-2024"]
[Site "Chess.com"]
[Date "2024.04.23"]
[Round "7"]
[White "rezamahdavi2008"]
[Black "Harry_Rakkel"]
[Result "1-0"]
[WhiteElo "2907"]
[BlackElo "2693"]
[TimeControl "180+1"]
[EndTime "9:19:17 PDT"]
[Termination "rezamahdavi2008 won by resignation"]

1. Nf3 Nf6 2. c4 e6 3. g3 d5 4. Bg2 dxc4 5. Qa4+ Nbd7 6. Qxc4 a6 7. Qc2 c5 8. Nc3 Ra7 9. d4 b5 10. a4 b4 11. Nd1 Bb7 12. O-O Qa8 13. dxc5 Bxc5 14.
Be3 Be4 15. Qd2 O-O 16. Bxc5 Nxc5 17. Qxb4 Nd3 18. Qd2 Rd8 19. Qa5 Rd5 20. Qb6 Ne5 21. Nc3 Rb7 22. Qe3 Nc4 23. Qc1 Rc5 24. Nxe4 Nxe4 25.
Qf4 Ncd6 26. Nd2 f5 27. Nxe4 fxe4 28. Bxe4 Nxe4 29. Qxe4 Qc8 30. Rfd1 Rxb2 31. Rd6 h6 32. Rad1 Qb7 33. Qxe6+ Kh7 34. Qg6+ 1-0